 Dungeon Crawl Stone Soup version 0.17-a0-1798-g879a7aa (webtiles) character file.

1999 WellDressedCM the Thrower (level 9, -1/56 HPs)
             Began as a Halfling Assassin on Sept 7, 2015.
             Was an Initiate of Nemelex Xobeh.
             Slain by an unseen horror (11 damage)
             ... on level 7 of the Dungeon on Sept 10, 2015.
             The game lasted 01:13:12 (6540 turns).

WellDressedCM the Thrower (Halfling Assassin)       Turns: 6540, Time: 01:13:13

Health: -1/56      AC:  5    Str: 11    XL:     9   Next: 45%
Magic:  9/9        EV: 17    Int: 10    God:    Nemelex Xobeh [......]
Gold:   316        SH: 10    Dex: 19    Spells: 0 memorised, 8 levels left

rFire  . . .     SeeInvis .     a - +2 dagger
rCold  . . .     Clarity  .     k - +0 robe {MR+}
rNeg   . . .     SustAt   .     J - +2 shield
rPois  .         Gourm    .     (no helmet)
rElec  .         Spirit   .     d - +1 cloak
rCorr  .         Warding  .     (no gloves)
rMut   .         Stasis   .     t - +0 pair of boots
MR     +....                    v - amulet of regeneration
Stlth  ++++......               (no ring)
                                (no ring)

@: somewhat resistant to hostile enchantments, stealthy
A: mutation resistance 1
a: Renounce Religion


You were on level 7 of the Dungeon.
You worshipped Nemelex Xobeh.
Nemelex Xobeh was noncommittal.
You were not hungry.

You visited 2 branches of the dungeon, and saw 8 of its levels.

You collected 316 gold pieces.

Inventory:

Hand weapons
 a - a +2 dagger (weapon)
 b - a +1 blowgun
 p - a +0 hunting sling
 A - a +0 shortbow
Missiles
 c - 12 exploding sling bullets
 e - 15 poisoned needles
 h - 68 bolts
 n - 12 sling bullets of frost
 r - 3 curare-tipped needles
 x - 12 poisoned bolts
 F - 13 arrows
 K - 21 arrows of dispersal
Armour
 d - a +1 cloak (worn)
 f - a +0 robe of fire resistance
 k - a +0 robe of magic resistance (worn)
 t - a +0 pair of boots (worn)
 J - a +2 shield (worn)
Jewellery
 q - an uncursed amulet of stasis
 v - an amulet of regeneration (around neck)
Magical devices
 s - a wand of polymorph (14)
 w - a wand of enslavement (8)
 y - a wand of disintegration (0)
 z - a wand of teleportation (0)
 G - a wand of frost (13)
 H - a wand of confusion (29)
Scrolls
 j - 4 scrolls of enchant armour
 l - a scroll of enchant weapon
 u - 4 scrolls of remove curse
 E - a scroll of amnesia
 I - a scroll of identify
Miscellaneous
 L - a plain deck of war {drawn: 2}
Comestibles
 g - 4 bread rations
 i - 3 beef jerkies
 o - 3 fruits
 B - a meat ration


   Skills:
 + Level 3.0 Fighting
 * Level 6.9 Short Blades
 + Level 2.4(6.2) Slings
 * Level 8.3(8.4) Throwing
 + Level 6.8 Dodging
 + Level 7.2 Stealth
 + Level 1.4 Shields
 + Level 1.0 Evocations


You had 8 spell levels left.
You didn't know any spells.

Dungeon Overview and Level Annotations

Branches:
Dungeon (7/15)             Temple (1/1) D:7

Altars:
Ashenzari
Cheibriados
Dithmenos
Elyvilon
Fedhas
Gozag
Kikubaaqudgha
Makhleb
Nemelex Xobeh
Okawaru
Qazlal
Sif Muna
Trog
Vehumet
Xom
Yredelemnul
Zin
The Shining One

Shops:
D:4 =

Annotations:
D:6 Prince Ribbit


Innate Abilities, Weirdness & Mutations

You are small and have problems with some larger weapons.
You are somewhat resistant to further mutation.


Message History

* * * LOW HITPOINT WARNING * * *
A shadow imp comes into view.
Found a dagger.
Found 12 gold pieces.
A puff of flame appears from out of thin air!
The puff of flame hits you!
* * * LOW HITPOINT WARNING * * *
You see here a dagger.
A puff of flame appears from out of thin air!
The puff of flame misses you.
Found a stone staircase leading up.
Found 8 arrows.
An adder zombie comes into view.
Something hits you. You block its attack. Something hits you!
* * * LOW HITPOINT WARNING * * *
Something hits you!
You die...
Your body disappears without a glow.

.......... ..........
#######.........#
#....#.. ......#
#....#.###.....####...
##..............##.....
#...............##.....
#.....@..Z.......#.....
#....######o.....#.....
##.# #.o.........#.....
#.###.####.....[......
#.#...#<...(.........o
#....................#
#...........#[......##
#....o......#.......##
#.#.....###.#.........


You could see an orc warrior and an adder zombie.

Vanquished Creatures
  Sigmund (D:2)
  Edmund (D:4)
  An orc warrior (D:6)
  A sky beast (D:5)
  5 ogres
  A centaur (D:5)
  A wyvern zombie (D:6)
  A giant frog (D:7)
  A wyvern skeleton (D:7)
  A scorpion (D:3)
  A water moccasin skeleton (D:6)
  2 giant frog zombies (D:6)
  4 hounds
  3 orc priests
  3 crimson imps
  Ijyb (D:3)
  A jelly (D:6)
  A worker ant (D:4)
  Jessica (D:4)
  A giant frog skeleton (D:6)
  An iguana (D:4)
  2 orc wizards (D:5)
  A mummy (D:4)
  A worker ant zombie (D:6)
  4 adders
  3 shadow imps
  3 oozes
  2 adder zombies (D:6)
  A worm (D:5)
  6 giant geckos
  15 orcs
  8 bats
  5 giant cockroaches
  5 hobgoblins (D:2)
  4 quokkas
  A giant gecko skeleton (D:6)
  2 giant gecko zombies (D:6)
  3 giant newts
  5 goblins
  2 hobgoblin zombies (D:4)
  18 jackals
  6 kobolds
  A kobold zombie (D:4)
  An orc zombie (D:4)
  A quokka skeleton (D:6)
  10 rats
143 creatures vanquished.

Vanquished Creatures (collateral kills)
  A hound zombie (D:6)
  An adder zombie (D:6)
2 creatures vanquished.

Vanquished Creatures (others)
  An adder (D:6)
1 creature vanquished.

Grand Total: 146 creatures vanquished

Notes
Turn   | Place    | Note
--------------------------------------------------------------
     0 | D:1      | WellDressedCM the Halfling Assassin began the quest for the Orb.
     0 | D:1      | Reached XP level 1. HP: 14/14 MP: 1/1
   224 | D:1      | Reached XP level 2. HP: 4/19 MP: 2/2
   644 | D:1      | Reached skill level 5 in Stealth
   747 | D:1      | Reached XP level 3. HP: 17/24 MP: 3/3
  1789 | D:2      | Noticed Sigmund
  1809 | D:2      | Killed Sigmund
  1809 | D:2      | Reached XP level 4. HP: 24/29 MP: 4/4
  1809 | D:2      | Reached XP level 5. HP: 28/34 MP: 5/5
  1809 | D:2      | Reached XP level 6. HP: 32/39 MP: 6/6
  2061 | D:2      | Upgraded the game from 0.17-a0-1769-g54adf96 to 0.17-a0-1798-g879a7aa
  2293 | D:3      | Noticed Ijyb
  2303 | D:3      | Killed Ijyb
  2303 | D:3      | Reached skill level 5 in Throwing
  3389 | D:4      | Noticed Edmund
  3390 | D:4      | Reached skill level 6 in Stealth
  3390 | D:4      | Reached XP level 7. HP: 45/45 MP: 7/7
  3415 | D:4      | Killed Edmund
  3534 | D:4      | Found Gufoer's Jewellery Shoppe.
  3538 | D:4      | Noticed Jessica
  3565 | D:4      | Killed Jessica
  3812 | D:4      | Reached skill level 5 in Short Blades
  4021 | D:4      | Reached XP level 8. HP: 47/51 MP: 8/8
  4183 | D:5      | Entered Level 5 of the Dungeon
  4525 | D:5      | Reached skill level 5 in Dodging
  4535 | D:5      | Reached skill level 1 in Slings
  4715 | D:5      | Reached skill level 7 in Throwing
  5184 | D:6      | Found a bloodstained altar of Trog.
  5204 | D:6      | Reached XP level 9. HP: 55/55 MP: 9/9
  5730 | D:6      | Reached skill level 8 in Throwing
  5791 | D:6      | Noticed Prince Ribbit
  6029 | D:7      | Found a staircase to the Ecumenical Temple.
  6069 | Temple   | Entered the Ecumenical Temple
  6166 | Temple   | Became a worshipper of Nemelex Xobeh the Trickster
  6252 | D:7      | Reached skill level 1 in Shields
  6278 | D:7      | Received a gift from Nemelex Xobeh
  6496 | D:7      | Reached skill level 1 in Evocations
  6540 | D:7      | Slain by an unseen horror

Vault maps used:
D:1:      dpeg_arrival_signposts
D:2:      uniq_jessica, uniq_sigmund
D:3:      uniq_iyjb
D:4:      serial_shops, shop, st_stairs_11, minmay_mini_ossuary, uniq_edmund
D:5:      first_bread
D:6:      serial_undead, serial_undead_b, serial_undead_c, serial_undead_a,
          serial_undead_c, serial_undead_e, serial_undead_b, serial_undead_f,
          trog_three_pillars_becter, uniq_prince_ribbit1
D:7:      nicolae_ru_the_path_less_chosen
Temple:   grunt_circular_temple_18

Action                   |  1- 3 |  4- 6 |  7- 9 || total
-------------------------+-------+-------+-------++-------
Melee: Dagger            |    73 |    68 |   587 ||   728
 Fire: Blowgun           |    24 |    24 |    68 ||   116
       Hunting sling     |     1 |       |    10 ||    11
Evoke: Wand              |       |     1 |    16 ||    17
       Deck              |       |       |     2 ||     2
  Use: Scroll            |     8 |     3 |     6 ||    17
       Potion            |     1 |     2 |     6 ||     9
 Stab: Sleeping          |     8 |     6 |    23 ||    37
       Distracted        |     1 |     1 |     3 ||     5
  Eat: Chunk             |     3 |     4 |    12 ||    19
       Fruit             |       |     1 |       ||     1
       Pizza             |       |       |     1 ||     1
